TOP OF THE 1ST |
Columbia Fireflies batting - Pitching for Colorado (EL) Rockies : RHP Pei Xie
|
Pitching: RHP Pei Xie
|
|
Batting: RHB Omar Novoa
|
0-0: Fly out, F4 (Line Drive, 4, EV 66.2 MPH)
|
Batting: SHB Masatoshi Akahoshi
|
0-0: Ball 1-0: Called Strike 1-1: Ball 2-1: Called Strike 2-2: Ball 3-2: SOLO HOME RUN (Line Drive, 9LD, EV 103.8 MPH), Distance : 378 ft
|
Batting: RHB Jose Lara
|
0-0: Fly out, F9 (Flyball, 9S, EV 94.4 MPH)
|
Batting: RHB Andy Carrell
|
0-0: Ground out 6-3 (Groundball, 56, EV 93.8 MPH)
|
Top of the 1st over - 1 run, 1 hit, 0 errors, 0 left on base; Columbia 1 - Colorado (EL) 0 |
BOTTOM OF THE 1ST |
Colorado (EL) Rockies batting - Pitching for Columbia Fireflies : RHP Andy Carrell
|
Pitching: RHP Andy Carrell
|
|
Batting: RHB Kevin Tangeman
|
0-0: Called Strike 0-1: Foul Ball, location: 2F 0-2: Foul Ball, location: 2F 0-2: Fly out, F8 (Flyball, 8LD, EV 82.5 MPH)
|
Batting: RHB Ray Insley
|
0-0: Ball 1-0: Ball 2-0: Called Strike 2-1: Swinging Strike 2-2: Strikes out looking
|
Batting: LHB Paul McClintock
|
0-0: Swinging Strike 0-1: Foul Ball, location: 2F 0-2: Ball 1-2: Ball 2-2: Ground out U3 (Groundball, 34, EV 110.0 MPH)
|
Bottom of the 1st over - 0 runs, 0 hits, 0 errors, 0 left on base; Columbia 1 - Colorado (EL) 0 |
TOP OF THE 2ND |
Columbia Fireflies batting - Pitching for Colorado (EL) Rockies : RHP Pei Xie
|
Batting: RHB Larry Shoop
|
0-0: Foul Ball, location: 2F 0-1: Foul Ball, location: 2F 0-2: Ball 1-2: Foul Ball, location: 2F 1-2: Foul Ball, location: 2F 1-2: SINGLE (Groundball, 6MS, EV 72.5 MPH) (infield hit)
|
Batting: RHB Dan Muse
|
0-0: Ball 1-0: Ball 2-0: Called Strike Larry Shoop steals 2nd base (no throw) 2-1: Foul Ball, location: 2F 2-2: Ball 3-2: Base on Balls
|
Batting: RHB Elias Urbina
|
0-0: Ball Larry Shoop is caught stealing 3rd base 2-5 Dan Muse to second 1-0: Ball 2-0: Ground out U3 (Groundball, 34, EV 101.2 MPH) Dan Muse to third
|
Batting: RHB Fathi Addae
|
0-0: Ball 1-0: Swinging Strike 1-1: Ball 2-1: Ball 3-1: Ground out 5-3 (Groundball, 5S, EV 85.0 MPH)
|
Top of the 2nd over - 0 runs, 1 hit, 0 errors, 1 left on base; Columbia 1 - Colorado (EL) 0 |
BOTTOM OF THE 2ND |
Colorado (EL) Rockies batting - Pitching for Columbia Fireflies : RHP Andy Carrell
|
Batting: LHB Mick Tucker
|
0-0: Ball 1-0: Ball 2-0: Called Strike 2-1: DOUBLE (Line Drive, 78M, EV 105.0 MPH)
|
Batting: RHB Chris Osting
|
0-0: Called Strike 0-1: Ball 1-1: Ball 2-1: Swinging Strike 2-2: Hit by Pitch
|
Batting: RHB Manny Thompson
|
0-0: Ball 1-0: Ball 2-0: Foul Ball, location: 2F 2-1: Foul Ball, location: 2F 2-2: Foul Ball, location: 2F 2-2: Ball 3-2: Base on Balls Mick Tucker to third Chris Osting to second
|
Batting: SHB Craig Ruzic
|
0-0: Called Strike 0-1: Ball 1-1: GRAND SLAM HOME RUN (Line Drive, 7D, EV 98.8 MPH), Distance : 378 ft
|
Batting: RHB Juan Gallardo
|
0-0: SINGLE (Line Drive, 8LS, EV 105.0 MPH)
|
Batting: RHB Pei Xie
|
0-0: Called Strike 0-1: Reached on error, E6 (Groundball, 6, EV 109.4 MPH) Juan Gallardo to second
|
Batting: RHB Kevin Tangeman
|
0-0: Ball 1-0: Ball 2-0: Called Strike 2-1: Foul Ball, location: 2F 2-2: Foul Ball, location: 2F 2-2: Ball 3-2: Base on Balls Juan Gallardo to third Pei Xie to second
|
Batting: RHB Ray Insley
|
0-0: Ball 1-0: Called Strike 1-1: Ball 2-1: Foul Ball, location: 2F 2-2: SINGLE (Groundball, 6, EV 94.4 MPH) Juan Gallardo scores Pei Xie to third Kevin Tangeman to second Runner from 3rd tries for Home, SAFE, throw by CF to home
|
Pitching: RHP Justin Wilkins
|
|
Batting: LHB Paul McClintock
|
0-0: Ball 1-0: Ball 2-0: Ball 3-0: Called Strike 3-1: Foul Ball, location: 2F 3-2: 3-RUN HOME RUN (Flyball, 7D, EV 100.6 MPH), Distance : 365 ft
|
Batting: LHB Mick Tucker
|
0-0: Ball 1-0: Fly out, F8 (Flyball, 8LXD, EV 76.9 MPH)
|
Batting: RHB Chris Osting
|
0-0: Called Strike 0-1: Foul Ball, location: 2F 0-2: Ball 1-2: Fly out, F7 (Flyball, 7S, EV 82.5 MPH)
|
Batting: RHB Manny Thompson
|
0-0: Fly out, F9 (Flyball, 9D, EV 86.2 MPH)
|
Bottom of the 2nd over - 9 runs, 5 hits, 1 error, 0 left on base; Columbia 1 - Colorado (EL) 9 |
TOP OF THE 3RD |
Columbia Fireflies batting - Pitching for Colorado (EL) Rockies : RHP Pei Xie
|
Batting: RHB David Reyna
|
0-0: Called Strike 0-1: Ball 1-1: Swinging Strike 1-2: Strikes out swinging
|
Batting: RHB Omar Novoa
|
0-0: Ball 1-0: Ball 2-0: Called Strike 2-1: Ball 3-1: Base on Balls
|
Batting: SHB Masatoshi Akahoshi
|
0-0: Ball 1-0: Ball 2-0: Fly out, F9 (Flyball, 89M, EV 86.9 MPH)
|
Batting: RHB Jose Lara
|
0-0: Ball 1-0: Ball Wild Pitch! Omar Novoa to second 2-0: Fly out, F8 (Flyball, 8RD, EV 90.0 MPH)
|
Top of the 3rd over - 0 runs, 0 hits, 0 errors, 1 left on base; Columbia 1 - Colorado (EL) 9 |
BOTTOM OF THE 3RD |
Colorado (EL) Rockies batting - Pitching for Columbia Fireflies : RHP Justin Wilkins
|
Batting: SHB Craig Ruzic
|
0-0: Called Strike 0-1: Called Strike 0-2: Ball 1-2: Strikes out looking
|
Batting: RHB Juan Gallardo
|
0-0: Called Strike 0-1: Ball 1-1: Foul Ball, location: 2F 1-2: Strikes out swinging
|
Batting: RHB Pei Xie
|
0-0: Fly out, F7 (Flyball, 7S, EV 82.5 MPH)
|
Bottom of the 3rd over - 0 runs, 0 hits, 0 errors, 0 left on base; Columbia 1 - Colorado (EL) 9 |
TOP OF THE 4TH |
Columbia Fireflies batting - Pitching for Colorado (EL) Rockies : RHP Pei Xie
|
Batting: RHB Andy Carrell
|
0-0: Ball 1-0: Foul Ball, location: 2F 1-1: Fly out, F9 (Flyball, 9, EV 95.6 MPH)
|
Batting: RHB Larry Shoop
|
0-0: Called Strike 0-1: Swinging Strike 0-2: Strikes out looking
|
Batting: RHB Dan Muse
|
0-0: Ball 1-0: Ground out 6-3 (Groundball, 6M, EV 107.5 MPH)
|
Top of the 4th over - 0 runs, 0 hits, 0 errors, 0 left on base; Columbia 1 - Colorado (EL) 9 |
BOTTOM OF THE 4TH |
Colorado (EL) Rockies batting - Pitching for Columbia Fireflies : RHP Justin Wilkins
|
Batting: RHB Kevin Tangeman
|
0-0: Ball 1-0: Ball 2-0: Foul Ball, location: 2F 2-1: Called Strike 2-2: Ball 3-2: Base on Balls
|
Batting: RHB Ray Insley
|
0-0: Ball 1-0: Ball 2-0: Ball 3-0: Base on Balls Kevin Tangeman to second
|
Batting: LHB Paul McClintock
|
0-0: Ball 1-0: Foul Ball, location: 2F 1-1: Ball 2-1: Ball 3-1: Called Strike 3-2: SINGLE (Line Drive, 3D, EV 97.5 MPH) Kevin Tangeman to third Ray Insley to second Runner from 3rd tries for Home, SAFE, throw by RF to home
|
Batting: LHB Mick Tucker
|
0-0: SINGLE (Line Drive, 8LS, EV 95.6 MPH) Ray Insley to third Paul McClintock to second Runner from 3rd tries for Home, SAFE, throw by CF to home
|
Batting: RHB Chris Osting
|
0-0: Ball 1-0: Called Strike 1-1: Foul Ball, location: 2F 1-2: Ball 2-2: SINGLE (Line Drive, 56, EV 106.9 MPH) Paul McClintock to third Mick Tucker to second
|
Batting: RHB Manny Thompson
|
0-0: Ball 1-0: Fly out, F9 (Line Drive, 9, EV 90.0 MPH)
|
Batting: SHB Craig Ruzic
|
0-0: Ball 1-0: Foul Ball, location: 2F 1-1: Called Strike 1-2: Ball 2-2: Grounds into fielders choice 1-2 (Groundball, 13, EV 66.2 MPH) Mick Tucker to third Chris Osting to second
|
Pitching: RHP Jason Horvath
|
|
Batting: RHB Juan Gallardo
|
0-0: Called Strike 0-1: Foul Ball, location: 2F 0-2: Strikes out looking
|
Bottom of the 4th over - 2 runs, 3 hits, 0 errors, 3 left on base; Columbia 1 - Colorado (EL) 11 |
TOP OF THE 5TH |
Columbia Fireflies batting - Pitching for Colorado (EL) Rockies : RHP Pei Xie
|
Batting: RHB Elias Urbina
|
0-0: Ball 1-0: Ground out U3 (Groundball, 3, EV 76.2 MPH)
|
Batting: RHB Fathi Addae
|
0-0: Ball 1-0: Ball 2-0: Ball 3-0: Called Strike 3-1: Foul Ball, location: 2F 3-2: Base on Balls
|
Batting: RHB David Reyna
|
0-0: Swinging Strike 0-1: Ball 1-1: Foul Ball, location: 2F 1-2: Ball 2-2: Strikes out swinging
|
Batting: RHB Omar Novoa
|
0-0: Ball 1-0: Ball 2-0: Ground out 5-3 (Groundball, 56S, EV 63.8 MPH)
|
Top of the 5th over - 0 runs, 0 hits, 0 errors, 1 left on base; Columbia 1 - Colorado (EL) 11 |
BOTTOM OF THE 5TH |
Colorado (EL) Rockies batting - Pitching for Columbia Fireflies : RHP Jason Horvath
|
Batting: RHB Pei Xie
|
0-0: Ball 1-0: SINGLE (Line Drive, 34D, EV 105.6 MPH)
|
Batting: RHB Kevin Tangeman
|
0-0: Ball 1-0: Ball 2-0: Ball 3-0: Base on Balls Pei Xie to second
|
Batting: RHB Ray Insley
|
0-0: Ball 1-0: Ball 2-0: Ball 3-0: Called Strike 3-1: Swinging Strike 3-2: Foul Ball, location: 2F 3-2: Foul Ball, location: 2F 3-2: Strikes out swinging
|
Batting: LHB Paul McClintock
|
0-0: Called Strike 0-1: SINGLE (Line Drive, 56D, EV 96.2 MPH) Pei Xie to third Kevin Tangeman to second Runner from 3rd tries for Home, SAFE, throw by LF to home
|
Batting: LHB Mick Tucker
|
0-0: Foul Ball, location: 2F 0-1: Ground out 5-3 (Groundball, 56S, EV 64.4 MPH) Kevin Tangeman to third Paul McClintock to second
|
Batting: RHB Chris Osting
|
0-0: Ball 1-0: Called Strike 1-1: SINGLE (Groundball, 6MD, EV 98.1 MPH) Kevin Tangeman scores Paul McClintock to third
|
Batting: RHB Manny Thompson
|
0-0: Ball 1-0: Ball 2-0: Fly out, F8 (Line Drive, 8RM, EV 90.0 MPH)
|
Bottom of the 5th over - 2 runs, 3 hits, 0 errors, 2 left on base; Columbia 1 - Colorado (EL) 13 |
TOP OF THE 6TH |
Columbia Fireflies batting - Pitching for Colorado (EL) Rockies : RHP Pei Xie
|
Batting: SHB Masatoshi Akahoshi
|
0-0: Ball 1-0: Foul Ball, location: 2F 1-1: Ball 2-1: Ground out 6-3 (Groundball, 6D, EV 108.1 MPH)
|
Batting: RHB Jose Lara
|
0-0: Called Strike 0-1: Ball 1-1: Called Strike 1-2: Ground out 5-3 (Groundball, 5, EV 80.6 MPH)
|
Batting: RHB Andy Carrell
|
0-0: Ball 1-0: Called Strike 1-1: Swinging Strike 1-2: Ball 2-2: Foul Ball, location: 2F 2-2: SINGLE (Line Drive, 56, EV 94.4 MPH)
|
Pitching: RHP Dane Long
|
|
Batting: RHB Larry Shoop
|
0-0: Fly out, F7 (Line Drive, 78M, EV 97.5 MPH)
|
Top of the 6th over - 0 runs, 1 hit, 0 errors, 1 left on base; Columbia 1 - Colorado (EL) 13 |
BOTTOM OF THE 6TH |
Colorado (EL) Rockies batting - Pitching for Columbia Fireflies : RHP Jason Horvath
|
Batting: SHB Craig Ruzic
|
0-0: Called Strike 0-1: DOUBLE (Line Drive, 89M, EV 91.2 MPH)
|
Batting: RHB Juan Gallardo
|
0-0: Ground out U3 (Groundball, 34, EV 105.0 MPH) Craig Ruzic to third
|
Batting: RHB Pei Xie
|
0-0: Ball 1-0: Ball 2-0: Reached on error, E3 (Groundball, 34S, EV 82.5 MPH) Craig Ruzic scores
|
Pitching: LHP Keith Noftall
|
|
Batting: RHB Kevin Tangeman
|
0-0: Foul Ball, location: 2F 0-1: Ball 1-1: SINGLE (Groundball, 5S, EV 66.9 MPH) (infield hit) Pei Xie to second
|
Batting: RHB Ray Insley
|
0-0: Called Strike 0-1: Grounds into double play, 5-4-3 (Groundball, 56, EV 85.6 MPH)
|
Bottom of the 6th over - 1 run, 2 hits, 1 error, 1 left on base; Columbia 1 - Colorado (EL) 14 |
TOP OF THE 7TH |
Columbia Fireflies batting - Pitching for Colorado (EL) Rockies : RHP Dane Long
|
Batting: RHB Dan Muse
|
0-0: Called Strike 0-1: Swinging Strike 0-2: Ball 1-2: Foul Ball, location: 2F 1-2: Ball 2-2: Ball 3-2: TRIPLE (Flyball, 89XD, EV 107.5 MPH)
|
Batting: RHB Elias Urbina
|
0-0: Swinging Strike 0-1: Ball 1-1: Swinging Strike 1-2: Strikes out swinging
|
Batting: RHB Fathi Addae
|
0-0: Ball 1-0: Ball 2-0: Ball 3-0: Base on Balls
|
Batting: RHB David Reyna
|
0-0: SINGLE (Groundball, 56D, EV 95.6 MPH) Dan Muse scores Fathi Addae to second
|
Batting: RHB Omar Novoa
|
0-0: Called Strike 0-1: Foul Ball, location: 2F 0-2: Strikes out swinging
|
Batting: SHB Masatoshi Akahoshi
|
0-0: Ball 1-0: Ball 2-0: SINGLE (Groundball, 6D, EV 97.5 MPH) Fathi Addae to third David Reyna to second Runner from 3rd tries for Home, SAFE, throw by CF to home
|
Batting: RHB Jose Lara
|
0-0: Foul Ball, location: 2F 0-1: Fly out, F8 (Flyball, 8RS, EV 90.6 MPH)
|
Top of the 7th over - 2 runs, 3 hits, 0 errors, 2 left on base; Columbia 3 - Colorado (EL) 14 |
BOTTOM OF THE 7TH |
Colorado (EL) Rockies batting - Pitching for Columbia Fireflies : LHP Keith Noftall
|
Batting: LHB Paul McClintock
|
0-0: Ball 1-0: Fly out, F9 (Line Drive, 9LS, EV 100.0 MPH)
|
Batting: LHB Mick Tucker
|
0-0: Foul Ball, location: 2F 0-1: Swinging Strike 0-2: Ball 1-2: Foul Ball, location: 2F 1-2: Ball 2-2: Ball 3-2: Fly out, F9 (Flyball, 9LS, EV 87.5 MPH)
|
Batting: RHB Chris Osting
|
0-0: Swinging Strike 0-1: Swinging Strike 0-2: Ball 1-2: Ball 2-2: Strikes out swinging
|
Bottom of the 7th over - 0 runs, 0 hits, 0 errors, 0 left on base; Columbia 3 - Colorado (EL) 14 |
TOP OF THE 8TH |
Columbia Fireflies batting - Pitching for Colorado (EL) Rockies : RHP Dane Long
|
Batting: RHB Andy Carrell
|
0-0: Foul Ball, location: 2F 0-1: Ball 1-1: Ball 2-1: SINGLE (Line Drive, 6D, EV 105.6 MPH)
|
Pitching: RHP Lorenzo Pacheco
|
|
Batting: RHB Larry Shoop
|
0-0: Ball 1-0: Called Strike 1-1: Ball 2-1: Ball 3-1: Base on Balls Andy Carrell to second
|
Pinch Hitting: LHB Tony Leyba
|
0-0: Foul Ball, location: 2F 0-1: Fielders Choice at 2nd, 5-4 (Groundball, 56, EV 107.5 MPH) Andy Carrell to third
|
Pinch Hitting: SHB Justin Wallace
|
0-0: 3-RUN HOME RUN (Flyball, 89XD, EV 96.2 MPH), Distance : 393 ft
|
Batting: RHB Fathi Addae
|
0-0: Foul Ball, location: 2F 0-1: Called Strike 0-2: Ground out 6-3 (Groundball, 56, EV 103.1 MPH)
|
Batting: RHB David Reyna
|
0-0: Ball 1-0: Called Strike 1-1: Foul Ball, location: 2F 1-2: Ground out 4-3 (Groundball, 4, EV 91.9 MPH)
|
Top of the 8th over - 3 runs, 2 hits, 0 errors, 0 left on base; Columbia 6 - Colorado (EL) 14 |
BOTTOM OF THE 8TH |
Colorado (EL) Rockies batting - Pitching for Columbia Fireflies : LHP Keith Noftall
|
Now at 1B: Tony Leyba
|
|
Now in LF: Justin Wallace
|
|
Batting: RHB Manny Thompson
|
0-0: Called Strike 0-1: Ball 1-1: Foul Ball, location: 2F 1-2: Foul Ball, location: 2F 1-2: Ground out U3 (Groundball, 3L, EV 80.0 MPH)
|
Batting: SHB Craig Ruzic
|
0-0: SINGLE (Line Drive, 78S, EV 90.6 MPH)
|
Batting: RHB Juan Gallardo
|
0-0: Foul Ball, location: 2F 0-1: Foul Ball, location: 2F 0-2: Ball 1-2: Fielders Choice at 2nd, 6-4 (Groundball, 6M, EV 93.1 MPH)
|
Batting: RHB Pei Xie
|
0-0: Fielders Choice at 2nd, 5-4 (Groundball, 56, EV 94.4 MPH)
|
Bottom of the 8th over - 0 runs, 1 hit, 0 errors, 1 left on base; Columbia 6 - Colorado (EL) 14 |
TOP OF THE 9TH |
Columbia Fireflies batting - Pitching for Colorado (EL) Rockies : RHP Lorenzo Pacheco
|
Batting: RHB Omar Novoa
|
0-0: Foul Ball, location: 2F 0-1: Called Strike 0-2: Strikes out swinging
|
Batting: SHB Masatoshi Akahoshi
|
0-0: Swinging Strike 0-1: Swinging Strike 0-2: Ball 1-2: Ground out 6-3 (Groundball, 6, EV 103.8 MPH)
|
Batting: RHB Jose Lara
|
0-0: Called Strike 0-1: Foul Ball, location: 2F 0-2: Foul Ball, location: 2F 0-2: SINGLE (Groundball, 4D, EV 110.6 MPH)
|
Batting: RHB Andy Carrell
|
0-0: Called Strike 0-1: 2-RUN HOME RUN (Flyball, 7LD, EV 94.4 MPH), Distance : 350 ft
|
Pitching: RHP Michael Conrad
|
|
Batting: RHB Larry Shoop
|
0-0: Foul Ball, location: 2F 0-1: Ball 1-1: Fly out, F8 (Flyball, 78M, EV 86.2 MPH)
|
Top of the 9th over - 2 runs, 2 hits, 0 errors, 0 left on base; Columbia 8 - Colorado (EL) 14 |
|